 Dungeon Crawl Stone Soup version 0.13.1-28-g3517093 (webtiles) character file.

3944 ProjectEKO the Summoner (level 9, -22/55 HPs)
             Began as a Mummy Wizard on Feb 28, 2014.
             Was a Follower of Sif Muna.
             Annihilated by an orc warrior
             ... wielding a -1,+2 orcish long sword
              (27 damage)
             ... on Level 8 of the Dungeon.
             The game lasted 00:38:41 (14123 turns).

ProjectEKO the Summoner (Mummy Wizard)             Turns: 14123, Time: 00:38:41

HP -22/55        AC  5     Str 10      XL: 9   Next: 91%
MP   4/21        EV 12     Int 20      God: Sif Muna [*.....]
Gold 245         SH  0     Dex 10      Spells:  5 memorised,  8 levels left

Res.Fire  : x . .   See Invis. : .   j - +4 elf short sword (venom)
Res.Cold  : + . .   Warding    : .   a - +0 robe (curse)
Life Prot.: + + +   Conserve   : .   (no shield)
Res.Poison: +       Res.Corr.  : .   b - +0 wizard hat
Res.Elec. : .       Clarity    : .   t - +0 cloak
Sust.Abil.: . .     Spirit.Shd : .   m - +0 pair of gauntlets
Res.Mut.  : .       Stasis     : .   g - +0 pair of dwarf boots
Res.Rott. : +       Flight     : .   (no amulet)
Saprovore : . . .                    (no ring)
                                     (no ring)

@: somewhat resistant to hostile enchantments, unstealthy
A: no food or potions, fire vulnerability, restore body, cold resistance 1, life
protection 3, poison resistance, torment resistance, unbreathing
a: Channel Energy, Renounce Religion


You were on level 8 of the Dungeon.
You worshipped Sif Muna.
Sif Muna was aware of your devotion.
You were not hungry.

You visited 2 branches of the dungeon, and saw 9 of its levels.

You collected 225 gold pieces.

Inventory:

Hand weapons
 j - a +4,+4 elven short sword of venom (weapon)
 v - the +7,+6 trident "Kererarph" {drain, rElec rN+}
   (You took it off an orc on level 7 of the Dungeon)

   A truly terrible weapon, it drains the life of those it strikes.
   It insulates you from electricity.
   It protects you from negative energy.
Armour
 a - a cursed +0 robe (worn)
 b - a +0 wizard hat (worn)
 g - a +0 pair of dwarven boots (worn)
 m - a +0 pair of gauntlets (worn)
 t - a +0 cloak (worn)
Magical devices
 d - a wand of random effects (9)
 e - a wand of slowing (0)
 l - a wand of disintegration (6)
 r - a wand of disintegration (0)
 u - a wand of lightning (0)
Scrolls
 f - 2 scrolls of amnesia
 i - a scroll of blinking
 s - 2 scrolls of remove curse
Jewellery
 h - a +5 ring of dexterity {unknown}
 k - an uncursed ring of protection from magic {unknown}
 n - an uncursed ring of see invisible {unknown}
 o - an uncursed ring of sustenance {unknown}
 w - a +3 ring of dexterity {unknown}
Books
 c - a book of Minor Magic

   Spells                             Type                      Level
   *Magic Dart                        Conjuration                  1
   *Blink                             Translocation                2
   *Call Imp                          Summoning                    2
   *Repel Missiles                    Charms/Air                   2
   Slow                               Hexes                        2
   Conjure Flame                      Conjuration/Fire             3
   *Mephitic Cloud                    Conjuration/Poison/Air       3


   Skills:
 - Level 1.5 Dodging
 - Level 1.5 Stealth
 + Level 5.0 Spellcasting
 + Level 4.9 Conjurations
 - Level 9.2 Summonings
 - Level 0.7 Translocations
 - Level 4.2 Poison Magic


You had 8 spell levels left.
You knew the following spells:

 Your Spells              Type           Power        Failure   Level  Hunger
a - Magic Dart            Conj           ###.         1%          1    N/A
b - Call Imp              Summ           #####.....   1%          2    N/A
c - Mephitic Cloud        Conj/Pois/Air  ###.....     12%         3    N/A
d - Blink                 Tloc           N/A          17%         2    N/A
e - Repel Missiles        Chrm/Air       #.........   21%         2    N/A

Dungeon Overview and Level Annotations

Branches:
Dungeon (8/27)             Temple (1/1) D:7             Orc (0/4) D:7
   Lair: D:8-13

Altars:
Ashenzari
Cheibriados
Elyvilon
Fedhas
Kikubaaqudgha
Makhleb
Nemelex Xobeh
Okawaru
Sif Muna
Trog
Vehumet
Xom
Yredelemnul
Zin
the Shining One

Shops:
D:4 (

Annotations:
D:8 Gastronok, Prince Ribbit


Innate Abilities, Weirdness & Mutations

You do not eat or drink.
Your flesh is vulnerable to fire.
Your flesh is cold resistant.
You are immune to negative energy.
Your system is resistant to poisons.
You are immune to unholy pain and torment.
You can survive without breathing.


Message History

Prince Ribbit hits you.
Read which item? (? for menu, Esc to quit)
As you read the scroll of teleportation, it crumbles to dust.
You feel strangely unstable. Prince Ribbit hits you!
* * * LOW HITPOINT WARNING * * *
The centaur unwields an uncursed bow.
The centaur hits you.
* * * LOW HITPOINT WARNING * * *
Prince Ribbit hits you but does no damage.
Your surroundings suddenly seem different.
The orc wizard shouts!
The orc shouts!
Found two stone staircases leading down.
Your magical contamination has completely faded away.
The orc warrior shouts!
Read which item? (? for menu, Esc to quit)
Okay, then.
The orc wizard mumbles some strange words.
The orc wizard flickers and vanishes!
Deactivating autopickup; reactivate with Ctrl-A.
The orc warrior hits you with an orcish long sword!
You die...

.. ..# .. ##...# ..
.....## # ..... #....
..#...# .....#...#
......#.o.#
......o#..@#
........#...#
.......o#...#
....>...#..o#
.........#...#
.........#...#
....>....#...###....
.....................
###################


You could see an orc warrior and an orc.

Vanquished Creatures
  Pikel (D:4)
  Maurice (D:8)
  Psyche (D:8)
  Grinder (D:6)
  A hippogriff (D:6)
  Edmund (D:4)
  2 sky beasts
  3 orc warriors
  An ogre (D:6)
  An ice beast (D:4)
  2 phantoms (D:7)
  2 slaves (D:4)
  Duvessa (D:4)
  A giant frog (D:7)
  A yak zombie (D:7)
  5 crimson imps
  A centaur zombie (D:5)
  Dowan (D:4)
  6 hounds
  A scorpion (D:7)
  2 jellies (D:8)
  A centaur skeleton (D:7)
  A giant frog skeleton (D:5)
  Crazy Yiuf (D:3)
  7 orc priests
  2 iguanas (D:7)
  5 orc wizards
  3 worker ants
  Jessica (D:7)
  A worker ant zombie (D:5)
  A white imp (D:7)
  8 adders
  A shadow imp (D:6)
  A giant mite (D:2)
  5 worms
  An adder zombie (D:5)
  A giant eyeball (D:6)
  2 giant geckos (D:1)
  An ooze (D:4)
  30 orcs
  A ball python (D:2)
  8 giant cockroaches
  12 hobgoblins
  7 quokkas
  8 bats
  5 giant newts
  16 goblins
  6 jackals
  A jackal skeleton (D:7)
  13 kobolds
  2 orc skeletons
  15 rats
203 creatures vanquished.

Vanquished Creatures (collateral kills)
  A giant frog (D:6)
  A hound (D:8)
  A crimson imp (D:5)
  An orc (D:6)
  A giant cockroach (D:3)
  A rat (D:3)
6 creatures vanquished.

Vanquished Creatures (others)
  3 crimson imps
  An orc wizard (D:3)
  2 white imps
  A shadow imp (D:7)
  A kobold (D:3)
  A quokka (D:3)
9 creatures vanquished.

Grand Total: 218 creatures vanquished

Notes
Turn   | Place    | Note
--------------------------------------------------------------
     0 | D:1      | ProjectEKO, the Mummy Wizard, began the quest for the Orb.
     0 | D:1      | Reached XP level 1. HP: 11/11 MP: 5/5
    24 | D:1      | Reached skill level 1 in Conjurations
   558 | D:1      | Reached XP level 2. HP: 13/17 MP: 2/7
   983 | D:1      | Learned a level 2 spell: Call Imp
  1587 | D:2      | Reached XP level 3. HP: 22/22 MP: 6/9
  1923 | D:2      | Learned a level 3 spell: Mephitic Cloud
  1929 | D:2      | Found a bloodstained altar of Trog.
  2077 | D:2      | Reached skill level 1 in Poison Magic
  2077 | D:2      | Reached XP level 4. HP: 28/28 MP: 1/11
  3397 | D:3      | Found a radiant altar of Vehumet.
  3419 | D:3      | HP: 1/28 [orc wizard/orcish dagger (3)]
  3823 | D:3      | Reached XP level 5. HP: 33/33 MP: 5/12
  4361 | D:3      | Noticed Crazy Yiuf
  4389 | D:3      | Killed Crazy Yiuf
  4902 | D:4      | Found Pryu's Antique Weapon Shoppe.
  5053 | D:4      | Noticed Dowan
  5054 | D:4      | Noticed Duvessa
  5080 | D:4      | Killed Dowan
  5187 | D:4      | Killed Duvessa
  5187 | D:4      | Reached skill level 4 in Poison Magic
  5187 | D:4      | Reached XP level 6. HP: 39/39 MP: 2/14
  5280 | D:4      | Found a sparkling altar of Nemelex Xobeh.
  5280 | D:4      | Found a white marble altar of Elyvilon.
  5342 | D:4      | Found a shimmering altar of Xom.
  5666 | D:4      | Learned a level 2 spell: Blink
  5669 | D:4      | Learned a level 2 spell: Repel Missiles
  5944 | D:5      | Entered Level 5 of the Dungeon
  5944 | D:5      | Noticed Edmund
  6136 | D:4      | Reached skill level 1 in Summonings
  6167 | D:4      | Killed Edmund
  6627 | D:5      | Reached XP level 7. HP: 34/44 MP: 5/16
  6938 | D:5      | Noticed Pikel
  7388 | D:4      | Killed Pikel
  7388 | D:4      | Reached skill level 5 in Summonings
  7388 | D:4      | Reached XP level 8. HP: 48/50 MP: 4/18
  8010 | D:6      | Reached skill level 6 in Summonings
  8187 | D:6      | Noticed Grinder
  8204 | D:6      | Paralysed by Grinder for 2 turns
  8214 | D:6      | Paralysed by Grinder for 3 turns
  8219 | D:6      | Killed Grinder
  8819 | D:6      | Reached skill level 7 in Summonings
  9532 | D:7      | Paralysed by a giant eyeball for 4 turns
 10330 | D:6      | Reached skill level 8 in Summonings
 10558 | D:7      | Reached XP level 9. HP: 41/55 MP: 12/18
 10864 | D:7      | Got a pitted trident
 10921 | D:7      | Found a basalt altar of Yredelemnul.
 10955 | D:7      | Identified the trident "Kererarph" {drain, rElec rN+} (You took it off an orc on level 7 of the Dungeon)
 11368 | D:7      | Found a staircase to the Ecumenical Temple.
 11455 | Temple   | Entered the Ecumenical Temple
 11636 | D:7      | Reached skill level 9 in Summonings
 11777 | D:7      | Noticed Jessica
 11789 | D:7      | Killed Jessica
 11814 | D:7      | Found a deep blue altar of Sif Muna.
 11938 | D:7      | Became a worshipper of Sif Muna the Loreminder
 12181 | D:7      | Found a staircase to the Orcish Mines.
 12579 | D:8      | Found an iron altar of Okawaru.
 12579 | D:8      | Noticed Prince Ribbit
 12585 | D:8      | Noticed Gastronok
 12865 | D:8      | Noticed Maurice
 13773 | D:8      | Noticed Psyche
 13775 | D:8      | Killed Maurice
 13775 | D:8      | Acquired Sif Muna's first power
 14025 | D:8      | Killed Psyche
 14025 | D:8      | Reached skill level 5 in Spellcasting
 14123 | D:8      | Annihilated by an orc warrior

Action                   |  1- 3 |  4- 6 |  7- 9 || total
-------------------------+-------+-------+-------++-------
Melee: Dagger            |    15 |    38 |       ||    53
       Quarterstaff      |       |     7 |       ||     7
       Short sword       |       |    33 |   273 ||   306
       Trident           |       |       |    16 ||    16
 Cast: Magic Dart        |    98 |   199 |   269 ||   566
       Call Imp          |     1 |     5 |    59 ||    65
       Mephitic Cloud    |       |    19 |    81 ||   100
       Repel Missiles    |       |     1 |     1 ||     2
Evoke: Wand              |       |     2 |    10 ||    12
  Use: Scroll            |       |     8 |    13 ||    21
 Stab: Confused          |       |     4 |    11 ||    15
